 Dungeon Crawl Stone Soup version 0.21-a0 (webtiles) character file.

7632 Chaoticas the Slicer (level 11, -1/51 HPs)
             Began as a Vine Stalker Fighter on May 18, 2017.
             Was a Believer of Uskayaw.
             Slain by a hornet (2 damage)
             ... while paralysed by a hornet
             ... on level 10 of the Dungeon.
             The game lasted 00:26:31 (8586 turns).

Chaoticas the Slicer (Vine Stalker Fighter)         Turns: 8586, Time: 00:26:32

Health: -1/51      AC: 14    Str: 22    XL:     11   Next: 18%
Magic:  0/28       EV:  2    Int:  8    God:    Uskayaw [**....]
Gold:   514        SH:  0    Dex: 14    Spells: 10/10 levels left

rFire    . . .     SeeInvis .   a - +1 rapier
rCold    . . .     Gourm    .   c - +0 shield
rNeg     . . .     Faith    .   S - +0 plate armour
rPois    .         Spirit   +   v - +1 helmet
rElec    .         Reflect  .   (no cloak)
rCorr    .         Harm     .   D - +0 pair of gloves
MR       +....                  (no boots)
Stlth    ..........             C - amulet of magic regeneration
Regen    0.6/turn               q - +3 ring of evasion
MPRegen  0.4/turn               s - ring of magical power

@: paralysed, lethally poisoned (-1 -> -5), slowed
A: fangs 3, regeneration 1, magic shield, antimagic bite, no potion heal 3, rot
immunity
a: Stomp, Line Pass, Renounce Religion


You were on level 10 of the Dungeon.
You worshipped Uskayaw.
Uskayaw was aware of your devotion.
You were not hungry.

You visited 2 branches of the dungeon, and saw 11 of its levels.

You collected 514 gold pieces.

Inventory:

Hand Weapons
 a - a +1 rapier (weapon)
Armour
 b - a +0 scale mail
 c - a +0 shield (worn)
 n - a +0 chain mail
   (You found it on level 1 of the Dungeon)
 v - a +1 helmet (worn)
   (You found it on level 2 of the Dungeon)
 z - the +2 scale mail "Xathrud" {MR+ Str+6 Int+2, unknown}
   (You found it on level 4 of the Dungeon)

   It affects your strength (+6).
   It affects your intelligence (+2).
   It affects your resistance to hostile enchantments.
 D - a +0 pair of gloves (worn)
   (You found it on level 4 of the Dungeon)
 S - a +0 plate armour (worn)
   (You took it off an orc warrior on level 10 of the Dungeon)
Jewellery
 g - an uncursed ring of stealth
   (You found it on level 1 of the Dungeon)
 q - a +3 ring of evasion (left hand)
   (You found it on level 1 of the Dungeon)
 s - a ring of magical power (right hand)
   (You found it on level 2 of the Dungeon)
 u - an uncursed ring of flight
   (You found it on level 2 of the Dungeon)
 x - an uncursed ring of protection from cold
   (You found it on level 3 of the Dungeon)
 C - an amulet of magic regeneration (around neck)
   (You found it on level 3 of the Dungeon)
 N - an uncursed amulet of faith {unknown}
   (You found it on level 8 of the Dungeon)
 T - an uncursed amulet of regeneration {unknown}
   (You found it on level 10 of the Dungeon)
Wands
 A - a wand of disintegration (5/24)
   (You found it on level 7 of the Dungeon)
 H - a wand of paralysis (23/24)
   (You found it on level 5 of the Dungeon)
 P - a wand of disintegration (15/24)
   (You found it on level 6 of the Dungeon)
Scrolls
 t - a scroll of silence {unknown}
 y - a scroll of fear {unknown}
 B - 2 scrolls of identify
 F - 2 scrolls of remove curse
 G - 3 scrolls of teleportation
 I - 3 scrolls of amnesia
 M - 3 scrolls of enchant weapon
 Q - a scroll of enchant armour
 U - a scroll of recharging
Potions
 d - a potion of might
 e - a potion of invisibility {unknown}
 i - a potion of ambrosia {unknown}
 j - 3 potions of agility
 k - 7 potions of curing {unknown}
 l - a potion of mutation {unknown}
 o - 2 potions of resistance {unknown}
 p - 2 potions of magic {unknown}
 r - a potion of heal wounds {unknown}
 w - a potion of cancellation {unknown}
 J - a potion of berserk rage {unknown}
 L - 2 potions of flight {unknown}
 R - 3 potions of haste {unknown}
Miscellaneous
 O - a phantom mirror
Comestibles
 f - 6 bread rations
 h - 6 royal jellies
 m - a fruit
 E - 4 meat rations
 K - 2 chunks of flesh


   Skills:
 - Level 2.8 Fighting
 * Level 12.0 Short Blades
 - Level 2.4 Armour
 - Level 2.6 Stealth
 - Level 2.6 Shields
 * Level 10.2 Invocations


You had 10 spell levels left.
You didn't know any spells.

Dungeon Overview and Level Annotations

Branches:
Dungeon (10/15)            Temple (1/1) D:5
   Lair: D:8-11         Orc: D:9-12

Altars:
Ashenzari
Cheibriados
Dithmenos
Elyvilon
Fedhas
Gozag
Hepliaklqana
Kikubaaqudgha
Makhleb
Nemelex Xobeh
Okawaru
Qazlal
Ru
Sif Muna
Trog
Uskayaw
Vehumet
Wu Jian
Xom
Yredelemnul
Zin
The Shining One

Shops:
D:4 (:

Annotations:
D:3 exclusion: oklob plant


Innate Abilities, Weirdness & Mutations

You have razor-sharp teeth.
Your natural rate of healing is unusually fast.
When hurt, damage is shared between your health and your magic reserves.
Your bite disrupts and absorbs the magic of your enemies.
Potions cannot restore your health.
You are immune to rotting.


Message History

The hornet stings you but does no damage.
You hit the hornet.
The hornet is heavily wounded.
You feel sick. You block the hornet's attack. The hornet barely misses you.
You miss the hornet.
The hornet is heavily wounded.
You feel yourself speed up.
You feel sick. You block the hornet's attack.
You puncture the hornet! You bite the hornet. You drain its power.
You feel invigorated.
The hornet is almost dead.
You feel sick. The hornet stings you.
* * * LOW HITPOINT WARNING * * *
You suddenly lose the ability to move!
You feel sick. The hornet stings you.
* * * LOW HITPOINT WARNING * * *
You are more poisoned.
You feel yourself slow down.
The hornet stings you but does no damage.
You feel sick.
The hornet stings you but does no damage.
You feel yourself speed up.
You feel sick. The hornet completely misses you. The hornet stings you!
* * * LOW HITPOINT WARNING * * *
You feel yourself slow down.
You can move again.
You miss the hornet. Your bite misses the hornet.
The hornet is almost dead.
You feel sick. The hornet closely misses you. The hornet stings you!
* * * LOW MAGIC WARNING * * *;
* * * LOW HITPOINT WARNING * * *
You feel as though you will be slow longer.
You hit the hornet. Your bite misses the hornet.
The hornet is almost dead.
You feel sick. You block the hornet's attack.
Unknown command.
You feel yourself speed up.
* * * LOW HITPOINT WARNING * * *
You feel very sick. The hornet stings you!
* * * LOW MAGIC WARNING * * *;
* * * LOW HITPOINT WARNING * * *
You feel yourself slow down.
You barely miss the hornet. You bite the hornet. You drain its power.
You feel invigorated.
The hornet is almost dead.
* * * LOW HITPOINT WARNING * * *
You feel sick. The hornet stings you!
* * * LOW MAGIC WARNING * * *;
* * * LOW HITPOINT WARNING * * *
You suddenly lose the ability to move!
The hornet stings you.
* * * LOW MAGIC WARNING * * *
You die...

.. #.# ## #.# . #.#
####.###### #......
..[
#.##.#####.#######
##.........#....@.#
#.....#####.#####y#
.###..#####.# #.#
.# #........# #...#
.# #.######.# #.#.#
.....# #.# #.#.#
####.# #.# #.# #
..# #.# #.# ### #..
...


You could see a hornet.

Vanquished Creatures
  The ghost of bazoo the Cruncher, a journeyman HuWn of Kikubaaqudgha (D:10)
  3 two-headed ogres (D:9)
  Pikel (D:9)
  2 hornets
  2 hippogriffs
  A steam dragon (D:9)
  Menkaure (D:4)
  A water moccasin (D:10)
  2 ice beasts
  6 orc warriors
  3 black bears
  3 ogres
  4 phantoms
  An eye of draining (D:10)
  A centaur (D:9)
  A big kobold (D:8)
  A bullfrog (D:8)
  A water moccasin skeleton (D:8)
  10 killer bees (D:8)
  2 howler monkeys
  2 crimson imps
  A bullfrog zombie (D:10)
  A bullfrog skeleton (D:5)
  3 orc priests
  A hound (D:8)
  3 iguanas
  Natasha (thrice) (D:2)
  10 orc wizards
  10 worker ants
  A hound skeleton (D:7)
  6 adders
  A shadow imp (D:7)
  An adder skeleton (D:7)
  A worm (D:4)
  3 dart slugs
  6 leopard geckos
  30 orcs
  4 giant cockroaches
  12 goblins
  4 hobgoblins
  11 jackals
  12 kobolds
  A quokka (D:3)
  A ball python (D:1)
  3 bats (D:2)
  3 frilled lizards
  6 rats
187 creatures vanquished.

Vanquished Creatures (others)
  A bullfrog (D:9)
  A centaur zombie (D:9)
  An orc (D:9)
3 creatures vanquished.

Grand Total: 190 creatures vanquished

Notes
Turn   | Place    | Note
-------+----------+-------------------------------------------
     0 | D:1      | Chaoticas the Vine Stalker Fighter began the quest for the Orb.
     0 | D:1      | Reached XP level 1. HP: 11/11 MP: 2/2
    48 | D:1      | Reached skill level 1 in Stealth
    98 | D:1      | Reached skill level 2 in Short Blades
   133 | D:1      | Reached XP level 2. HP: 16/16 MP: 3/3
   233 | D:1      | HP: 8/16 [jackal (2)]
   234 | D:1      | Reached skill level 2 in Stealth
   591 | D:1      | Reached XP level 3. HP: 14/19 MP: 4/4
  1185 | D:2      | Found a glowing silver altar of Zin.
  1220 | D:2      | Noticed Natasha
  1231 | D:2      | Killed Natasha
  1231 | D:2      | Reached skill level 3 in Short Blades
  1231 | D:2      | Gained mutation: Your natural rate of healing is unusually fast. [Vine Stalker growth]
  1231 | D:2      | Reached XP level 4. HP: 18/23 MP: 3/5
  1278 | D:2      | Noticed Natasha
  1285 | D:2      | Killed Natasha
  1291 | D:2      | Noticed Natasha
  1299 | D:2      | Killed Natasha
  1299 | D:2      | Reached XP level 5. HP: 16/28 MP: 2/6
  1454 | D:3      | Reached skill level 4 in Short Blades
  1969 | D:3      | HP: 14/28 [orc priest/dagger (2)]
  2011 | D:3      | Found a blossoming altar of Fedhas.
  2046 | D:3      | Noticed an oklob plant
  2090 | D:3      | Reached skill level 5 in Short Blades
  2090 | D:3      | Reached XP level 6. HP: 23/32 MP: 5/7
  2583 | D:4      | Found Tohyodd's Weapon Shop.
  2584 | D:4      | Got a spiked scale mail
  2669 | D:4      | Found Xuirom's Book Shoppe.
  3407 | D:4      | Noticed Menkaure
  3412 | D:4      | HP: 16/32 [Menkaure (7)]
  3417 | D:4      | Killed Menkaure
  3417 | D:4      | Reached skill level 6 in Short Blades
  3417 | D:4      | Reached XP level 7. HP: 19/35 MP: 8/8
  3666 | D:5      | Entered Level 5 of the Dungeon
  3746 | D:5      | Reached skill level 7 in Short Blades
  3817 | D:5      | Found a staircase to the Ecumenical Temple.
  3821 | D:5      | Found an opulent altar of Gozag.
  3822 | D:5      | Found a white marble altar of Elyvilon.
  3822 | D:5      | Found a deep blue altar of Sif Muna.
  3826 | D:5      | Found a glowing golden altar of the Shining One.
  3831 | Temple   | Entered the Ecumenical Temple
  4458 | D:6      | Noticed a dagger
  4458 | D:6      | Noticed a dagger
  4462 | D:6      | Found a hide-covered altar of Uskayaw.
  4472 | D:6      | Became a worshipper of Uskayaw the Reveler
  4537 | D:6      | Reached * piety under Uskayaw
  4581 | D:6      | Reached ** piety under Uskayaw
  4679 | D:6      | HP: 16/35 [ice beast (10)]
  4702 | D:6      | Reached skill level 1 in Invocations
  4702 | D:6      | Gained mutation: You have razor-sharp teeth. [Vine Stalker growth]
  4702 | D:6      | Reached XP level 8. HP: 30/39 MP: 8/10
  5039 | D:7      | Reached skill level 8 in Short Blades
  5039 | D:7      | Reached skill level 2 in Invocations
  5086 | D:7      | Noticed a hippogriff
  5096 | D:7      | Killed a hippogriff
  5096 | D:7      | Reached *** piety under Uskayaw
  5097 | D:7      | Reached skill level 3 in Invocations
  5097 | D:7      | Reached **** piety under Uskayaw
  5151 | D:7      | HP: 19/39 [ogre/giant spiked club (14)]
  5275 | D:7      | Reached skill level 4 in Invocations
  5454 | D:7      | Reached skill level 9 in Short Blades
  5454 | D:7      | Reached XP level 9. HP: 42/43 MP: 13/13
  6001 | D:8      | Reached skill level 5 in Invocations
  6022 | D:8      | Reached ***** piety under Uskayaw
  6072 | D:8      | HP: 21/43 [poisoned by a killer bee]
  6077 | D:8      | HP: 18/43 [poisoned by a killer bee]
  6082 | D:8      | HP: 17/43 [poisoned by a killer bee]
  6087 | D:8      | HP: 15/43 [poisoned by a killer bee]
  6092 | D:8      | HP: 16/43 [poisoned by a killer bee]
  6097 | D:8      | HP: 17/43 [poisoned by a killer bee]
  6105 | D:8      | HP: 19/43 [poisoned by a killer bee]
  6374 | D:8      | Reached skill level 6 in Invocations
  6673 | D:8      | Reached skill level 10 in Short Blades
  6979 | D:8      | HP: 19/43 [orc warrior/battleaxe (12)]
  6983 | D:8      | Reached skill level 7 in Invocations
  7051 | D:9      | Noticed a hornet
  7061 | D:8      | Paralysed by a hornet for 2 turns
  7062 | D:8      | HP: 21/43 [hornet (5)]
  7066 | D:8      | Killed a hornet
  7066 | D:8      | Reached XP level 10. HP: 18/48 MP: 14/16
  7067 | D:8      | HP: 18/48 [poisoned by a hornet]
  7072 | D:8      | HP: 16/48 [poisoned by a hornet]
  7078 | D:8      | HP: 16/48 [poisoned by a hornet]
  7084 | D:8      | HP: 17/48 [poisoned by a hornet]
  7092 | D:8      | HP: 20/48 [poisoned by a hornet]
  7184 | D:8      | HP: 23/48 [orc wizard/magic dart (4)]
  7373 | D:9      | Noticed a two-headed ogre
  7386 | D:9      | HP: 24/48 [two-headed ogre/giant club (10)]
  7387 | D:9      | Killed a two-headed ogre
  7387 | D:9      | Reached skill level 8 in Invocations
  7455 | D:9      | Reached skill level 11 in Short Blades
  7474 | D:9      | Noticed Pikel
  7488 | D:9      | Killed Pikel
  7572 | D:9      | Noticed a two-headed ogre
  7577 | D:9      | HP: 21/48 [two-headed ogre/giant club (11)]
  7611 | D:9      | HP: 19/48 [two-headed ogre/giant club (9)]
  7614 | D:9      | HP: 9/48 [two-headed ogre/giant club (6)]
  7644 | D:9      | HP: 23/48 [two-headed ogre/giant club (2)]
  7650 | D:9      | HP: 18/48 [two-headed ogre/giant club (8)]
  7653 | D:9      | Killed a two-headed ogre
  7653 | D:9      | Reached skill level 9 in Invocations
  7796 | D:9      | Noticed a two-headed ogre
  7802 | D:9      | HP: 19/48 [two-headed ogre/giant club (7)]
  7813 | D:9      | HP: 5/48 [two-headed ogre/giant club (13)]
  7820 | D:9      | HP: 8/48 [two-headed ogre/giant club (1)]
  7821 | D:9      | Killed a two-headed ogre
  7948 | D:9      | Found a sacrificial altar of Ru.
  8200 | D:10     | Entered Level 10 of the Dungeon
  8323 | D:10     | Reached XP level 11. HP: 51/51 MP: 19/19
  8362 | D:10     | Noticed bazoo's ghost (journeyman HuWn)
  8362 | D:10     | bazoo's ghost turns its malevolent gaze towards you.
  8381 | D:10     | Killed bazoo's ghost
  8381 | D:10     | Reached skill level 12 in Short Blades
  8381 | D:10     | Reached skill level 10 in Invocations
  8576 | D:10     | HP: 25/51 [poisoned by a hornet]
  8579 | D:10     | Paralysed by a hornet for 3 turns
  8581 | D:10     | HP: 17/51 [poisoned by a hornet]
  8583 | D:10     | HP: 8/51 [hornet (3)]
  8585 | D:10     | HP: 2/51 [hornet (3)]
  8586 | D:10     | Paralysed by a hornet for 3 turns
  8586 | D:10     | Slain by a hornet

Vault maps used:
D:1:      lightli_arrival_flooded_house
D:2:      old_standard_altar, serial_glass, glass_columns_a, glass_columns_b,
          item_on_display_b, feat_on_display, uniq_natasha
D:3:      first_bread, tgw_fedhas
D:4:      serial_shops, kennysheep_little_box, shop_fountains, uniq_menkaure
D:5:      chequers_temple_overflow_statue_of_worship,
          minmay_temple_entry_crystal_x
D:6:      dancing_weapons_uskayaw
D:9:      nicolae_ru_sacrificial_ziggurat, uniq_pikel
D:10:     dpeg_oklobed_lair, grunt_qazlal_clouds
Temple:   minmay_temple_curvy_branch

Skill      XL: |  1  2  3  4  5  6  7  8  9 10 11 |
---------------+----------------------------------+-----
Stealth        | 1 2 |  2.6
Short Blades   | 2 3 5 6 7 9 10 11 12 | 12.0
Invocations    | 1 4 7 9 10 | 10.2
Fighting       | |  2.8
Armour         | |  2.4
Shields        | |  2.6

Action                   |  1- 3 |  4- 6 |  7- 9 | 10-12 || total
-------------------------+-------+-------+-------+-------++-------
Melee: Rapier            |    97 |   118 |   398 |   193 ||   806
       Bite              |    25 |    37 |   121 |    75 ||   258
  Use: Scroll            |     2 |       |    14 |       ||    16
 Stab: Paralysed         |       |       |     7 |     6 ||    13
  Eat: Chunk             |     1 |     5 |     5 |     5 ||    16
       Meat ration       |       |     1 |       |       ||     1
       Bread ration      |       |       |     1 |       ||     1
Armor: Scale mail        |    14 |       |       |       ||    14
       Chain mail        |    14 |    32 |   158 |    33 ||   237
       Plate armour      |       |       |       |    16 ||    16
Dodge: Dodged            |    26 |    31 |   106 |    53 ||   216
Block: Shield            |    47 |    46 |   153 |    68 ||   314
